 Dungeon Crawl Stone Soup version 0.23.2-30-g0e89c35649 (webtiles) character file.

Game seed: 11438084517501226

348 doot the Caller (level 6, -1/34 HPs)
             Began as a Tengu Summoner on June 14, 2019.
             Slain by an orc
             ... wielding a +1 falchion of holy wrath
              (6 damage)
             ... on level 4 of the Dungeon.
             The game lasted 00:07:30 (3306 turns).

doot the Caller (Tengu Summoner)                    Turns: 3306, Time: 00:07:30

Health: -1/34      AC:  2    Str: 10    XL:     6   Next: 60%
Magic:  11/11      EV: 16    Int: 16    God:
Gold:   120        SH:  0    Dex: 14    Spells: 0/10 levels left

rFire    . . .     SeeInvis .   n - +0 halberd
rCold    . . .     Gourm    .   (shield currently unavailable)
rNeg     . . .     Faith    .   a - +0 robe
rPois    .         Spirit   .   (helmet restricted)
rElec    .         Reflect  .   (no cloak)
rCorr    .         Harm     .   (no gloves)
MR       .....                  (boots unavailable)
Stlth    ++........             (no amulet)
HPRegen  0.11/turn              (no ring)
MPRegen  0.12/turn              (no ring)

@: flying quickly and evasively, quick
A: beak, talons 3, able to fly
a: Stop Flying


You were on level 4 of the Dungeon.
You were not hungry.

You visited 1 branch of the dungeon, and saw 4 of its levels.

You collected 120 gold pieces.

Inventory:

Hand Weapons
 b - a +0 short sword
 d - a +0 mace
 n - a +0 halberd (weapon)
Armour
 a - a +0 robe (worn)
 f - a +0 leather armour of cold resistance
Jewellery
 k - a +2 ring of protection {unknown}
Wands
 o - a wand of digging (6)
 s - a wand of iceblast (11)
Scrolls
 e - 2 scrolls of teleportation
 g - 7 scrolls of identify
 j - 2 scrolls of enchant weapon {unknown}
 l - a scroll of magic mapping {unknown}
 m - a scroll of amnesia {unknown}
 q - a scroll of fear {unknown}
 r - a scroll of remove curse
Potions
 h - a potion of heal wounds {unknown}
 i - 2 potions of curing {unknown}
 p - a potion of haste {unknown}
 t - a potion of flight {unknown}
Comestibles
 c - 7 rations


   Skills:
 + Level 1.3 Fighting
 + Level 2.2 Maces & Flails
 + Level 2.6 Polearms
 + Level 3.3 Dodging
 + Level 2.8 Stealth
 + Level 2.9 Spellcasting
 + Level 6.3 Summonings


You couldn't memorise any spells.
You knew the following spells:

 Your Spells              Type           Power        Failure   Level  Hunger
a - Summon Small Mammal   Summ           ###.         1%          1    #......
b - Call Imp              Summ           ###.....     2%          2    ##.....
c - Call Canine Familiar  Summ           ###.....     4%          3    ###....
d - Summon Lightning Spi  Summ/Air       ##......     45%         4    #####..

Your spell library contained the following spells:

 Spells                   Type           Power        Failure   Level  Hunger
 Summon Guardian Golem    Hex/Summ       ##......     16%         3    ###....
 Summon Ice Beast         Ice/Summ       ##......     45%         4    #####..


Dungeon Overview and Level Annotations

Branches:
Dungeon (4/15)
 Temple: D:4-7

Altars:
Ashenzari
Elyvilon
Fedhas
Qazlal
Trog
Vehumet


Innate Abilities, Weirdness & Mutations

You have a beak for a mouth.
You have claws for feet.
You can fly continuously.


Message History

Your hound bites the orc but does no damage.
Your hound bites the orc.
The orc closely misses you. The orc misses your hound.
You barely miss the orc.
The orc is heavily wounded.
Your hound bites the orc.
The orc dies!
Your hound barely misses the worker ant.
The worker ant completely misses you. The orc closely misses you.
You puncture the worker ant! Your kick misses the worker ant.
You peck the worker ant.
The worker ant is heavily wounded.
Your hound misses the worker ant. The worker ant bites you.
Your hound misses the worker ant. The orc closely misses your hound.
The orc hits you with a +1 falchion of holy wrath!
The worker ant bites you.
* * * LOW HITPOINT WARNING * * *
Your hound bites the worker ant.
The orc hits you with a +1 falchion of holy wrath.
You die...

.. #... .............
....
....##............##....
!............... .......
............... #......
............. ......
#..[.#.o.# ##.....
#..#oah### #.....#
#..@.....######.)###
###......##.........
#..#...##.........
####....#.....<...
##................
#.....##....##...#
###........###...#
#).........###...
##..........##...#


You could see a worker ant, 2 orcs and a friendly hound.

Vanquished Creatures
  A phantom (D:4)
  A howler monkey (D:4)
  A bullfrog skeleton (D:4)
  Ijyb (D:3)
  An adder (D:3)
  A dart slug (D:1)
  A leopard gecko (D:1)
  2 orcs (D:4)
  2 giant cockroaches (D:1)
  4 goblins
  7 hobgoblins
  2 jackals (D:1)
  7 kobolds
  2 ball pythons
  8 bats
  3 frilled lizards
  A leopard gecko skeleton (D:4)
  3 rats
48 creatures vanquished.

Vanquished Creatures (collateral kills)
  A scorpion (D:4)
  An orc priest (D:4)
  A hound (D:4)
  A worker ant (D:4)
  8 gnolls
  3 adders
  A worm (D:3)
  4 orcs (D:4)
  A giant cockroach (D:4)
  A ball python (D:3)
22 creatures vanquished.

Grand Total: 70 creatures vanquished

Notes
Turn   | Place    | Note
-------+----------+-------------------------------------------
     0 | D:1      | doot the Tengu Summoner began the quest for the Orb.
     0 | D:1      | Reached XP level 1. HP: 10/10 MP: 4/4
    16 | D:1      | Reached skill level 5 in Summonings
   149 | D:1      | Reached XP level 2. HP: 12/15 MP: 6/6
   153 | D:1      | Learned a level 2 spell: Call Imp
   985 | D:1      | Reached XP level 3. HP: 14/19 MP: 7/7
   993 | D:1      | Learned a level 3 spell: Call Canine Familiar
  1471 | D:2      | Found a stormy altar of Qazlal.
  1502 | D:2      | Reached skill level 1 in Maces & Flails
  1627 | D:2      | Found a white marble altar of Elyvilon.
  1804 | D:2      | Found a radiant altar of Vehumet.
  2124 | D:3      | Reached XP level 4. HP: 24/24 MP: 1/8
  2344 | D:3      | Found a shattered altar of Ashenzari.
  2476 | D:3      | Found a bloodstained altar of Trog.
  2481 | D:3      | Noticed Ijyb
  2497 | D:3      | Killed Ijyb
  2597 | D:4      | Reached skill level 1 in Polearms
  2597 | D:4      | Gained mutation: You can fly continuously. [Tengu growth]
  2597 | D:4      | Reached XP level 5. HP: 19/28 MP: 9/9
  2891 | D:4      | Reached skill level 1 in Fighting
  3023 | D:4      | Reached skill level 6 in Summonings
  3026 | D:4      | Reached XP level 6. HP: 34/34 MP: 3/10
  3123 | D:4      | Found a blossoming altar of Fedhas.
  3139 | D:4      | Noticed a phantom
  3197 | D:4      | Killed a phantom
  3290 | D:4      | Learned a level 4 spell: Summon Lightning Spire
  3306 | D:4      | Slain by an orc

Skill      XL: |  1  2  3  4  5  6 |
---------------+-------------------+-----
Summonings     | 5 6 |  6.3
Maces & Flails | 1 2 |  2.2
Polearms       | 1 2 |  2.6
Dodging        | 3 |  3.3
Fighting       | 1 |  1.3
Stealth        | |  2.8
Spellcasting   | |  2.9

Action                   |  1- 3 |  4- 6 || total
-------------------------+-------+-------++-------
Melee: Mace              |    93 |       ||    93
       Kick              |    17 |    10 ||    27
       Peck              |    17 |     6 ||    23
       Halberd           |       |    64 ||    64
 Cast: Call Imp          |     3 |    10 ||    13
       Call Canine Famil |     1 |     7 ||     8
       Summon Small Mamm |       |     1 ||     1
 Abil: Fly               |       |     1 ||     1
  Use: Scroll            |     2 |       ||     2
 Stab: Sleeping          |     1 |     5 ||     6
  Eat: Chunk             |     4 |     6 ||    10
Armor: Robe              |    27 |    10 ||    37
Dodge: Dodged            |    87 |    41 ||   128
